 Dungeon Crawl Stone Soup version 0.28.0-45-g0d030f2227 (webtiles) character file.

Game seed: 4944509038120150213

41455 MisterFreud the Alchemist (level 13, -2/130 (139) HPs)
             Began as a Grey Draconian Transmuter on Apr 13, 2022.
             Was a High Priest of Ru.
             Slain by Sonja
             ... wielding a +1 dagger of venom
              (12 damage)
             ... on level 5 of the Lair of Beasts.
             The game lasted 00:28:26 (18568 turns).

MisterFreud the Alchemist (DrTm)                   Turns: 18568, Time: 00:28:27

HP:   -2/130 (139)  AC: 11    Str: 13    XL:     13   Next: 80%
MP:   11/19         EV: 25    Int: 19    God:    Ru [*****.]
Gold: 755           SH:  0    Dex: 18    Spells: 8/24 levels left

rFire   x x .      SeeInvis .     - Unarmed
rCold   + + +      Faith    .   (shield currently unavailable)
rNeg    . . .      Spirit   .   (armour unavailable)
rPois   +          Reflect  .   (helmet currently unavailable)
rElec   .          Harm     .   (cloak currently unavailable)
rCorr   +          Rampage  .   (gloves currently unavailable)
Will    +....                   (boots currently unavailable)
Stlth   ++........              G - amulet "Ytseq" {Acrobat Will+ rCorr Int+3 Dex+4}
HPRegen 0.31/turn               b - ring of ice
MPRegen 0.16/turn               O - ring of the Hare {EV+8}

@: exhausted, ice-form, slowed, drained, very slow
A: freezing attack, boosted hp, AC +13, amphibious, large, unfitting armour, low
MP 1, (cold-blooded), inability to use devices, hated by all, missing an eye
a: End Transformation, Renounce Religion, Draw Out Power, Power Leap, Apocalypse


You were on level 5 of the Lair of Beasts.
You worshipped Ru.
Ru was extremely pleased with you.
You were a creature of crystalline ice.
You visited 3 branches of the dungeon, and saw 18 of its levels.

You collected 1057 gold pieces.
You spent 302 gold pieces at shops.

Inventory:

Hand Weapons
 f - a +1 morningstar
 L - the +10 quarterstaff "Jopaanoall" {spect, rPois Int-3 Dex+4}
   (You found it on level 10 of the Dungeon)

   When its wielder attacks, the weapon's spirit leaps out and strikes again.
   The spirit shares a part of any damage it takes with its wielder.
   Int:       It affects your intelligence (-3).
   Dex:       It affects your dexterity (+4).
   rPois:     It protects you from poison.
Missiles
 a - 4 silver javelins
 h - 4 throwing nets
 m - 23 poisoned darts (quivered)
 p - 5 atropa-tipped darts
 s - 6 boomerangs
 H - 3 javelins
 K - a curare-tipped dart
Armour
 e - a +0 pair of gloves (melded)
 y - a +0 pair of boots (melded)
 F - a +1 cloak (melded)
Jewellery
 b - a ring of ice (left front paw)
 d - an amulet of regeneration
 B - a ring of see invisible
 G - the amulet "Ytseq" (around neck) {Acrobat Will+ rCorr Int+3 Dex+4}
   (You found it on level 8 of the Dungeon)

   [amulet of the acrobat]

   It increases your evasion while moving and waiting.
   Int:       It affects your intelligence (+3).
   Dex:       It affects your dexterity (+4).
   rCorr:     It protects you from acid and corrosion.
   Will:      It increases your willpower.
 J - an amulet of reflection
 O - the ring of the Hare (right front paw) {EV+8}
   (You took it off a centaur on level 11 of the Dungeon)

   [ring of evasion]

   EV:        It affects your evasion (+8).
 R - an amulet of faith
Scrolls
 i - 6 scrolls of teleportation
 k - 2 scrolls of enchant weapon
 n - a scroll of fear {unknown}
 r - 5 scrolls of brand weapon {unknown}
 v - a scroll of amnesia
 x - 2 scrolls of vulnerability
 A - a scroll of magic mapping
 C - 2 scrolls of enchant armour
 D - 2 scrolls of fog
 E - a scroll of immolation {unknown}
 I - a scroll of blinking {unknown}
 M - 2 scrolls of silence {unknown}
 Q - a scroll of holy word
Potions
 c - a potion of heal wounds
 g - 5 potions of curing
 j - 3 potions of might
 l - 2 potions of magic
 o - a potion of invisibility
 q - 2 potions of attraction
 t - 2 potions of lignification
 u - a potion of brilliance
 w - a potion of haste
 z - 2 potions of mutation {unknown}
 N - 2 potions of cancellation
 P - 3 potions of ambrosia


   Skills:
 + Level 11.2 Fighting
 + Level 11.9 Dodging
 - Level 12.0 Unarmed Combat
 - Level 6.0 Spellcasting
 - Level 15.0 Transmutations
 - Level 4.0 Ice Magic


You had 8 spell levels left.
You knew the following spells:

 Your Spells              Type           Power      Damage    Failure   Level
b - Wereblood             Tmut           58%        N/A       1%          2
c - Spider Form           Tmut/Pois      34%        N/A       1%          3
d - Ice Form              Ice/Tmut       58%        N/A       2%          4
e - Dragon Form           Tmut           29%        N/A       21%         7

Your spell library contained the following spells:

 Spells                   Type           Power      Damage    Failure   Level
 Beastly Appendage        Tmut           100%       N/A       1%          1
 Sting                    Tmut/Pois      100%       1d8       1%          1
 Ignite Poison            Fire/Tmut/Pois 24%        N/A       4%          3
 Petrify                  Tmut/Erth      34%        N/A       4%          4
 Frozen Ramparts          Ice            62%        1d8       6%          3
 Apportation              Tloc           10%        N/A       11%         1
 Magic Dart               Conj           20%        1d4       11%         1
 Conjure Flame            Conj/Fire      5%         6-21      32%         3
 Mephitic Cloud           Conj/Pois/Air  5%         N/A       32%         3
 Statue Form              Tmut/Erth      22%        N/A       61%         6
 Anguish                  Hex/Necr       2%         N/A       73%         4
 Cause Fear               Hex            2%         N/A       73%         4
 Sticky Flame             Conj/Fire      5%         2d3       73%         4
 Metabolic Englaciation   Hex/Ice        9%         N/A       80%         5
 Animate Skeleton         Necr           Unusable   N/A       N/A         1
 Summon Small Mammal      Summ           Unusable   N/A       N/A         1
 Call Imp                 Summ           Unusable   N/A       N/A         2
 Summon Ice Beast         Ice/Summ       Unusable   N/A       N/A         4
 Death Channel            Necr           Unusable   N/A       N/A         6
 Infestation              Necr           Unusable   N/A       N/A         8
 Dragon's Call            Summ           Unusable   N/A       N/A         9

Dungeon Overview and Level Annotations

Branches:
Dungeon (12/15)            Temple (1/1) D:6            Lair (5/6) D:8
 Shoals (0/4) Lair:4        Snake (0/4) Lair:4
  Slime: Lair:5-6       Orc: D:9-12

Altars:
Ashenzari
Cheibriados
Dithmenos
Elyvilon
Fedhas
Gozag
Hepliaklqana
Kikubaaqudgha
Makhleb
Nemelex Xobeh
Okawaru
Qazlal
Ru
Sif Muna
Trog
Uskayaw
Vehumet
Wu Jian
Xom
Yredelemnul
Zin
The Shining One

Shops:
D:4 *   D:11 *

Annotations:
Lair:5 Josephine, Sonja


Innate Abilities, Weirdness & Mutations

You are a creature of crystalline ice.
You have a powerful freezing melee attack.
Your maximum health is increased.
Your armour is entirely melded.
You are incapable of wielding weapons or throwing items.
((Your dull iron-grey scales are very hard. (AC +13)))
You are amphibious.
You cannot fit into any form of body armour.
Your magical capacity is low. (-10% MP)
((You are cold-blooded and may be slowed by cold attacks.))
You cannot study or use magical devices.
You are hated by all.
You are missing an eye, making it more difficult to aim.


Message History

Unknown command.
Unknown command.
Unknown command.
Unknown command.
Unknown command.
Unknown command.
Unknown command.
The cane toad gives a loud, deep croak!
You hit Josephine but do no damage.
Josephine is almost dead.
You feel sick. Josephine hits you but does no damage. Sonja barely misses you.
Sonja completely misses you. Sonja barely misses you.
The wraith hits you but does no damage.
The dream sheep ruffles its wool and motes of dream dust sparkle, to no effect.
Josephine barely misses you.
Unknown command.
As you read the scroll labelled VIEGUO DOORA, it crumbles to dust.
You feel aware of your surroundings.
You sensed 1 altar.
It was a scroll of magic mapping.
You feel sick. The wraith hits you.
* * * LOW HITPOINT WARNING * * *
Josephine hits you but does no damage. The wraith closely misses you.
The dream sheep closely misses you. Sonja barely misses you.
Sonja hits you with a +1 dagger of venom!
* * * LOW HITPOINT WARNING * * *
You focus your inner power and illuminate Sonja in retribution!
Sonja closely misses you.
You feel much better.
You feel sick.
You are no longer poisoned.
The seven-headed hydra bites you.
* * * LOW HITPOINT WARNING * * *
The seven-headed hydra misses you. The seven-headed hydra bites you.
* * * LOW HITPOINT WARNING * * *
The seven-headed hydra closely misses you.
The seven-headed hydra bites you!
* * * LOW HITPOINT WARNING * * *
The seven-headed hydra barely misses you.
The seven-headed hydra bites you.
* * * LOW HITPOINT WARNING * * *
Sonja hits you with a +1 dagger of venom!
You die...

,,,,*,*,,,,,,,,,,,,,,,,,,,,,,,,,,
,,,,***,,................,,,,,,,,
*,,,*,,,,.P.............##...P,,,
*,,***,,,.#..............#....,,,
,,,,,**,,...............#....P,,,
,,,,,,*,,........F.......#....,,,
*,,,,,,,>.#.............#.....,,,
,,,>,,,,,......@W.............,,,
*,,,,*,,,.......Y.............,,,
,,,,,*,,,.#....KDY....<......P,,,
,,,***,,,#..............##...#*,,
,,,****,,#P..............#*,,#*,,
,,,,* *,,.............†(.#*,,*,,,
*,,** *,,.#.............##*,,**,,
,,,****,,#..............#*,,,,,,,
,,,*,,,,,#............†..,,,,,,,,
,,,,,,,<,,,,..#...........,,,,,,,


You could see a seven-headed hydra, Josephine, a cane toad, a wraith, Sonja
(strong, corona) and a dream sheep.

Vanquished Creatures
  Kirke (Lair:4)
  3 two-headed ogres
  6 hydras
  3 death yaks (Lair:3)
  An ugly thing (D:9)
  2 cyclopes
  4 elephants (Lair:4)
  7 black mambas
  2 centaur zombies (D:10)
  Maurice (D:8)
  7 cane toads
  A merfolk siren (Lair:4)
  2 rime drakes (Lair:4)
  4 komodo dragons
  2 kobold demonologists (D:11)
  3 merfolk (Lair:4)
  A hornet (D:9)
  Prince Ribbit (D:8)
  A polar bear (Lair:1)
  9 dream sheep
  12 blink frogs
  A meliai zombie (D:10)
  2 shadows (D:9)
  2 wraiths (Lair:5)
  A wyvern (Lair:4)
  6 hogs (Lair:4)
  58 yaks
  A steam dragon (Lair:4)
  A human (Lair:4)
  2 vampire mosquitoes (D:9)
  3 nagas (Lair:4)
  An acid dragon (D:10)
  9 water moccasins
  A sky beast (D:7)
  3 black bears
  2 ogres
  2 ice beasts (D:8)
  10 centaurs
  15 wolves
  2 kobold brigands (D:11)
  2 phantoms
  A gnoll sergeant (D:10)
  7 bullfrogs
  4 scorpions
  A wyvern zombie (D:8)
  A wyvern skeleton (D:7)
  14 killer bees
  10 wights (D:8)
  6 howler monkeys
  A crimson imp (D:8)
  2 hounds
  2 jellies
  An orc priest (D:5)
  A gnoll shaman (D:6)
  A bullfrog skeleton (D:5)
  5 iguanas
  A centaur skeleton (D:6)
  5 orc wizards
  A hound skeleton (D:4)
  A howler monkey zombie (D:9)
  9 gnolls
  4 adders
  A howler monkey skeleton (D:7)
  A white imp (D:6)
  An adder skeleton (D:4)
  2 worms
  18 orcs
  4 endoplasms
  3 giant cockroaches
  7 hobgoblins
  10 jackals
  6 quokkas
  6 ball pythons
  2 bats (D:1)
  3 frilled lizards
  3 goblins
  11 kobolds
  9 rats
362 creatures vanquished.

Vanquished Creatures (others)
  A hydra (Lair:1)
  A wizard (D:9)
  A cyclops (D:11)
  An elephant (Lair:4)
  A yak (D:11)
  75 fungi
  26 plants
106 creatures vanquished.

Grand Total: 468 creatures vanquished

Notes
Turn   | Place    | Note
-------+----------+-------------------------------------------
     0 | D:1      | MisterFreud the Draconian Transmuter began the quest for
                  | the Orb.
     0 | D:1      | Reached XP level 1. HP: 16/16 MP: 3/3
   251 | D:1      | Found a faded altar of an unknown god.
   365 | D:1      | Reached XP level 2. HP: 23/23 MP: 3/5
   387 | D:1      | Learned a level 2 spell: Wereblood
   590 | D:1      | Reached skill level 3 in Transmutations
  1212 | D:2      | Reached XP level 3. HP: 23/28 MP: 6/6
  1219 | D:2      | Learned a level 3 spell: Spider Form
  1320 | D:2      | Found a basalt altar of Yredelemnul.
  1451 | D:2      | Reached skill level 4 in Transmutations
  2410 | D:4      | Reached XP level 4. HP: 30/35 MP: 5/7
  2961 | D:4      | Reached skill level 5 in Transmutations
  2992 | D:4      | Noticed a scorpion
  2998 | D:4      | Killed a scorpion
  2999 | D:4      | Reached XP level 5. HP: 40/40 MP: 7/9
  3168 | D:4      | Noticed an ogre
  3186 | D:4      | Killed an ogre
  3187 | D:4      | Reached XP level 6. HP: 50/50 MP: 4/10
  3586 | D:4      | Found Nuzageih's General Store.
  3595 | D:4      | Bought a potion of curing for 33 gold pieces
  3595 | D:4      | Bought a scroll of identify for 22 gold pieces
  3595 | D:4      | Bought a potion of brilliance for 44 gold pieces
  3595 | D:4      | Bought a scroll of teleportation for 33 gold pieces
  4123 | D:5      | Entered Level 5 of the Dungeon
  4450 | D:5      | Found a hide-covered altar of Uskayaw.
  4471 | D:5      | Reached skill level 5 in Unarmed Combat
  4471 | D:5      | Your scales start taking on a dull iron-grey colour.
  4471 | D:5      | Reached XP level 7. HP: 59/59 MP: 8/11
  4503 | D:5      | Identified the +3 ring mail of the Echidna {+Inv rElec rN+
                  | Int+3}
  4535 | D:5      | Found an ancient bone altar of Kikubaaqudgha.
  4609 | D:5      | Learned a level 4 spell: Ice Form
  4832 | D:5      | Reached skill level 1 in Ice Magic
  5862 | D:6      | Reached XP level 8. HP: 48/66 MP: 9/12
  5970 | D:6      | Found a staircase to the Ecumenical Temple.
  5993 | Temple   | Entered the Ecumenical Temple
  6074 | Temple   | Became a worshipper of Ru the Awakened
  6138 | D:6      | Reached skill level 6 in Transmutations
  6788 | D:7      | Identified the +3 trident of Wuawa {holy, Dex+5 SInv}
  6853 | D:7      | Found a shadowy altar of Dithmenos.
  7068 | D:7      | Reached skill level 5 in Dodging
  7570 | D:7      | Reached XP level 9. HP: 61/71 MP: 8/13
  7591 | D:7      | Reached skill level 5 in Fighting
  8165 | D:8      | Noticed Maurice
  8177 | D:7      | Gained mutation: Your magical capacity is low. (-10% MP)
                  | [Ru sacrifice]
  8235 | D:8      | Killed Maurice
  8418 | D:8      | Identified the amulet "Ytseq" {Acrobat Will+ rCorr Int+3
                  | Dex+4}
  8520 | D:8      | Found a staircase to the Lair.
  8542 | D:8      | Found a shimmering altar of Xom.
  8547 | D:8      | Found a burning altar of Makhleb.
  8733 | D:8      | Noticed Prince Ribbit
  8755 | D:8      | Killed Prince Ribbit
  8860 | D:8      | Reached XP level 10. HP: 84/84 MP: 8/13
  9875 | D:9      | Found a white marble altar of Elyvilon.
  9876 | D:9      | Noticed a cyclops
  9899 | D:9      | Killed a cyclops
 10058 | D:9      | Found a glowing silver altar of Zin.
 10077 | D:9      | Noticed a two-headed ogre
 10086 | D:9      | Killed a two-headed ogre
 10603 | D:9      | Reached XP level 11. HP: 93/94 MP: 12/13
 10713 | D:9      | Found the +5 robe of Night {Dark Will+ SInv}
 10877 | D:9      | Noticed a purple ugly thing
 10889 | D:9      | Killed a brown ugly thing
 10890 | D:9      | Reached skill level 10 in Unarmed Combat
 10992 | D:9      | Found a bloodstained altar of Trog.
 10996 | D:9      | Noticed a wizard
 11001 | D:9      | Killed a wizard
 11061 | D:10     | Entered Level 10 of the Dungeon
 11172 | D:10     | Reached skill level 10 in Dodging
 11381 | D:10     | Identified the +10 quarterstaff "Jopaanoall" {spect, rPois
                  | Int-3 Dex+4}
 11390 | D:10     | Noticed a two-headed ogre
 11487 | D:10     | Killed a two-headed ogre
 11594 | D:10     | Gained mutation: You are hated by all. [Ru sacrifice]
 11594 | D:10     | Reached * piety under Ru
 11594 | D:10     | Reached ** piety under Ru
 11639 | D:10     | Noticed a two-headed ogre
 11663 | D:10     | Killed a two-headed ogre
 12026 | D:10     | Reached skill level 7 in Transmutations
 12302 | D:11     | Reached skill level 5 in Spellcasting
 12302 | D:11     | Reached skill level 8 in Transmutations
 12847 | D:11     | Identified the +1 leather armour of Bitterness {Int+4}
 12924 | D:11     | Got the Disquisition on Noxious Black Rites
 13040 | D:11     | Reached skill level 9 in Transmutations
 13109 | D:11     | Found Tibaex's General Store.
 13114 | D:11     | Bought a scroll of fog for 34 gold pieces
 13114 | D:11     | Bought a potion of magic for 136 gold pieces
 13229 | Lair:1   | Entered Level 1 of the Lair of Beasts
 13292 | Lair:1   | Reached skill level 10 in Transmutations
 13358 | Lair:1   | Noticed an eight-headed hydra
 13364 | Lair:1   | Reached skill level 11 in Transmutations
 13367 | Lair:1   | Killed an eight-headed hydra
 13368 | Lair:1   | Reached XP level 12. HP: 63/101 MP: 18/18
 13640 | Lair:1   | Reached skill level 12 in Transmutations
 13648 | Lair:1   | Learned a level 7 spell: Dragon Form
 13689 | Lair:1   | Noticed an eight-headed hydra
 13696 | Lair:1   | Killed an eight-headed hydra
 13865 | Lair:1   | Reached skill level 13 in Transmutations
 13945 | Lair:1   | Noticed an eight-headed hydra
 13956 | Lair:1   | Killed an eight-headed hydra
 14080 | Lair:1   | Reached skill level 14 in Transmutations
 14248 | Lair:1   | Noticed a six-headed hydra
 14255 | Lair:1   | Killed a six-headed hydra
 14530 | Lair:2   | Gained mutation: You cannot study or use magical devices.
                  | [Ru sacrifice]
 14530 | Lair:2   | Reached *** piety under Ru
 14530 | Lair:2   | Reached **** piety under Ru
 14673 | Lair:2   | Reached skill level 15 in Transmutations
 15164 | Lair:2   | Noticed a seven-headed hydra
 15174 | Lair:2   | Killed a seven-headed hydra
 15458 | Lair:3   | Noticed a seven-headed hydra
 15464 | Lair:3   | Killed a seven-headed hydra
 15559 | Lair:3   | Noticed a five-headed hydra
 15568 | Lair:3   | Killed a five-headed hydra
 15597 | Lair:3   | Reached XP level 13. HP: 68/111 MP: 19/19
 16881 | Lair:4   | Found a staircase to the Snake Pit.
 17084 | Lair:4   | Noticed Kirke
 17104 | Lair:4   | Killed Kirke
 17105 | Lair:4   | Reached skill level 10 in Fighting
 17440 | Lair:4   | Gained mutation: You are missing an eye, making it more
                  | difficult to aim. [Ru sacrifice]
 17440 | Lair:4   | Reached ***** piety under Ru
 18017 | Lair:4   | Found a staircase to the Shoals.
 18546 | Lair:5   | Noticed Josephine
 18556 | Lair:5   | Noticed Sonja
 18568 | Lair:5   | Slain by Sonja

Illustrated notes

Levels and vault maps discovered:
D:1:      lemuel_arrival_behind_the_door_large, layout_loops_ring,
          basic_ecumenical_altar
D:2:      minmay_general_purpose_star, layout_rooms, basic_altar
D:3:      layout_rooms
D:4:      layout_layer_cave, serial_glass, glass_columns_a, glass_columns_c,
          glass_columns_a, glass_columns_b, glass_columns_b, glass_columns_a,
          glass_columns_c, glass_columns_a, glass_columns_a, glass_columns_a,
          serial_shops, nicolae_lakefront_shop
D:5:      layout_basic, mainiacjoe_overflow_catwalk_spiral, st_stairs_6,
          amethyst_killhole, water_boxes_lemuel
D:6:      layout_basic, minmay_temple_entry_sparse_star
D:7:      layout_basic, nicolae_dithmenos_through_a_glass_darkly
D:8:      layout_basic, grunt_temple_overflow_champion_of_chaos,
          lair_entry_dummy, uniq_maurice, uniq_prince_ribbit1
D:9:      layout_loops_ring, trog_wizard, mainiacjoe_overflow_catch_the_wave,
          hellmonk_guarded_unrand_night
D:10:     layout_irregular_city
D:11:     layout_loops_cross, serial_shops, kennysheep_little_box
D:12:     layout_roguey, david_orc_4
Temple:   jpeg_temple_clearing
Lair:1:   layout_hall_layers
Lair:2:   layout_big_grid, chequers_serial_rivers_small_b, grunt_megastairs_2,
          infiniplex_staircase_pool_2
Lair:3:   layout_cave_pods
Lair:4:   layout_loops_ring, elwin_shoals_entry_stream,
          minmay_snake_entry_guardpost_small, chequers_serial_rivers_large_a,
          grunt_megastairs_4, uniq_kirke
Lair:5:   layout_long_grid, basic_altar, hangedman_lair_unloving_vines,
          uniq_rupert, uniq_nessos, uniq_josephine, uniq_sonja

Skill      XL: |  1  2  3  4  5  6  7  8  9 10 11 12 13 |
---------------+----------------------------------------+-----
Transmutations | 3 4 5 6 11 15 | 15.0
Spellcasting   | 3 6 |  6.0
Fighting       | 2 4 6 8 9 11 | 11.2
Unarmed Combat | 5 6 7 9 10 12 | 12.0
Ice Magic      | 2 4 |  4.0
Dodging        | 6 7 9 10 11 | 11.9

Action                   |  1- 3 |  4- 6 |  7- 9 | 10-12 | 13-15 || total
-------------------------+-------+-------+-------+-------+-------++-------
Melee: Unarmed           |   116 |   124 |   267 |   521 |   255 ||  1283
       Kick              |    34 |     6 |       |       |       ||    40
       Headbutt          |    14 |     6 |       |       |       ||    20
       Tailslap          |     9 |     6 |     3 |     3 |     1 ||    22
       Punch             |     2 |       |     1 |     1 |       ||     4
Throw: Dart              |       |     5 |     4 |    10 |       ||    19
 Cast: Beastly Appendage |    32 |     9 |       |       |       ||    41
       Spider Form       |       |    10 |    21 |    10 |       ||    41
       Wereblood         |       |     1 |     2 |     2 |     6 ||    11
       Ice Form          |       |       |     8 |    35 |    16 ||    59
Invok: Sacrifice Essence |       |       |     1 |       |       ||     1
       Sacrifice Love    |       |       |       |     1 |       ||     1
       Sacrifice Artific |       |       |       |     1 |       ||     1
       Apocalypse        |       |       |       |       |     1 ||     1
       Sacrifice an Eye  |       |       |       |       |     1 ||     1
  Use: Scroll            |     1 |     2 |     1 |     5 |     6 ||    15
       Potion            |       |       |       |       |     1 ||     1
 Stab: Sleeping          |     1 |       |     1 |       |       ||     2
       Distracted        |       |       |       |       |     4 ||     4
       Invisible         |       |       |       |       |     2 ||     2
Armor: Skin              |    29 |    32 |    37 |    89 |    32 ||   219
Dodge: Dodged            |    75 |    79 |   187 |   516 |   202 ||  1059
